 Dungeon Crawl Stone Soup version 0.20-a0-893-g832831a (webtiles) character file.

2931 varam the Grappler (level 9, 71/80 (81) HPs)
             Began as a Ghoul Monk on Mar 16, 2017.
             Quit the game on level 9 of the Dungeon on Mar 31, 2017.
             The game lasted 00:35:18 (8542 turns).

varam the Grappler (Ghoul Monk)                     Turns: 8542, Time: 00:35:18

HP:   71/80 (81)    AC:  4    Str: 15    XL:     9   Next: 79%
MP:   8/8           EV: 21    Int:  5    God:    Xom [......]
Gold: 441           SH:  4    Dex: 14    Spells: 8/8 levels left

rFire    . . .     SeeInvis .     - Unarmed
rCold    + . .     Gourm    .   a - +0 robe
rNeg     + + +     Faith    .   u - +0 buckler
rPois    ∞         Spirit   .   m - +0 helmet
rElec    .         Reflect  .   (no cloak)
rCorr    +         Harm     .   (no gloves)
MR       .....                  x - +0 pair of boots
Stlth    +++.......             (no amulet)
Regen    0.0/turn               h - +5 ring of evasion
MPRegen  0.2/turn               o - ring of resist corrosion

@: rotting
A: rotting body, claws 1, carnivore 3, cold resistance 1, negative energy
resistance 3, inhibited regeneration, torment resistance, unbreathing
a: Renounce Religion


You were on level 9 of the Dungeon.
You worshipped Xom.
You were a very special plaything of Xom.
You were not hungry.

You visited 1 branch of the dungeon, and saw 9 of its levels.

You collected 441 gold pieces.

Inventory:

Hand Weapons
 k - a +1 dagger of draining
Missiles
 d - 3 javelins (quivered)
 y - 152 stones
Armour
 a - a +0 robe (worn)
 m - a +0 helmet (worn)
 u - a +0 buckler (worn)
 x - a +0 pair of boots (worn)
 E - a +2 robe of fire resistance
Jewellery
 c - an uncursed ring of wizardry
 h - a +5 ring of evasion (right claw)
 o - a ring of resist corrosion (left claw)
 C - an uncursed ring of resist corrosion
Wands
 A - a wand of lightning (9/15)
 F - a wand of paralysis (5/24)
 H - a wand of scattershot (3/9)
 I - a wand of scattershot (5/9)
 J - a wand of iceblast (7/15)
 N - a wand of acid (7/15)
Scrolls
 i - 8 scrolls of identify {unknown}
 j - 3 scrolls of teleportation {unknown}
 l - 2 scrolls of blinking {unknown}
 q - a scroll of enchant armour {unknown}
 r - 4 scrolls of enchant weapon {unknown}
 s - 2 scrolls of fog {unknown}
 v - a scroll of random uselessness {unknown}
 w - a scroll of fear {unknown}
 B - 5 scrolls of remove curse {unknown}
 K - a scroll of amnesia {unknown}
 M - 2 scrolls of magic mapping {unknown}
Potions
 e - 2 potions of brilliance {unknown}
 f - a potion of lignification {unknown}
 g - 2 potions of mutation {unknown}
 n - 4 potions of heal wounds {unknown}
 p - a potion of agility {unknown}
 t - 5 potions of curing {unknown}
 D - a potion of resistance {unknown}
 G - a potion of haste {unknown}
 O - 2 potions of might {unknown}
Comestibles
 b - 5 meat rations
 z - 2 royal jellies


   Skills:
 - Level 8.2 Fighting
 + Level 7.8 Dodging
 - Level 4.0 Stealth
 + Level 2.4 Shields
 - Level 8.2 Unarmed Combat


You had 8 spell levels left.
You didn't know any spells.

Dungeon Overview and Level Annotations

Branches:
Dungeon (9/15)             Temple (0/1) D:4            Lair (0/6) D:9
    Orc: D:9-12

Altars:
Cheibriados
Kikubaaqudgha
Makhleb
Nemelex Xobeh
Qazlal
Vehumet
Xom
Yredelemnul
Zin


Innate Abilities, Weirdness & Mutations

Your body is rotting away.
You thrive on raw meat.
You are immune to poison.
You have sharp fingernails.
You are carnivorous and can eat meat at any time.
Your flesh is cold resistant. (rC+)
You are immune to negative energy. (rN+++)
You do not regenerate when monsters are visible.
You are immune to unholy pain and torment.
You can survive without breathing.


Message History

Press ? for a list of commands and other information.
You claw the orc priest!
You kill the orc priest!
You claw the orc!
You kill the orc!
Things that are here:
a scale mail; a club; an orc corpse The orc misses you.
You completely miss the orc. "Let's go for a ride!"
Your surroundings suddenly seem different.
Found 2 amethyst potions.
Found a staircase to the Lair. 2 wargs and 7 orcs come into view.
An orc warrior is wielding a vampiric scimitar.
Unknown command.
Saving game... please wait.
Welcome back, varam the Ghoul Monk.
Xom snickers.
Press ? for a list of commands and other information.
Are you sure you want to abandon this character and quit the game? (Confirm with "yes".)

#.......#
##.P..o..##
#..o...h..#
#.........##
....o>o....#
.....o.....#
...h...o..!#
#..o..@.#
#.......#
##.....##
##...##
..... ....##
..### ..


You could see 2 wargs, an orc warrior (sleeping), 2 orc priests, 2 orc wizards
and 2 orcs.

Vanquished Creatures
  A hippogriff (D:7)
  Menkaure (D:6)
  2 orc warriors (D:7)
  3 phantoms
  3 ogres
  2 centaurs
  A crocodile (D:8)
  Blork the orc (D:6)
  5 bullfrogs
  A gnoll sergeant (D:5)
  A scorpion (D:4)
  3 crimson imps
  A centaur zombie (D:7)
  A bullfrog zombie (D:7)
  3 hounds
  2 jellies
  10 orc wizards
  6 orc priests
  A centaur skeleton (D:9)
  An iguana (D:3)
  5 worker ants
  A hound skeleton (D:7)
  4 worker ant zombies
  Robin (D:1)
  17 gnolls
  5 adders
  3 shadow imps (D:6)
  3 oozes
  2 adder skeletons
  A dart slug (D:1)
  A leopard gecko (D:7)
  27 orcs
  2 ball pythons
  4 giant cockroaches
  17 goblins
  6 hobgoblins
  4 jackals
  2 quokkas
  6 bats
  7 frilled lizards
  5 kobolds
  A leopard gecko skeleton (D:5)
  A leopard gecko zombie (D:5)
  A quokka skeleton (D:4)
  A quokka zombie (D:5)
  9 rats
185 creatures vanquished.

Vanquished Creatures (others)
  5 dream sheep (D:3)
  An orc (D:6)
  A bat (D:2)
  A jackal (D:7)
8 creatures vanquished.

Grand Total: 193 creatures vanquished

Notes
Turn   | Place    | Note
-------+----------+-------------------------------------------
     0 | D:1      | varam the Ghoul Monk began the quest for the Orb.
     0 | D:1      | Reached XP level 1. HP: 19/19 MP: 0/0
   237 | D:1      | Reached XP level 2. HP: 21/26 MP: 1/1
   283 | D:1      | Reached skill level 4 in Unarmed Combat
   577 | D:1      | Reached XP level 3. HP: 22/31 MP: 2/2
   724 | D:2      | Noticed Robin
   746 | D:1      | Killed Robin
   803 | D:1      | Reached skill level 3 in Stealth
  1005 | D:2      | Reached XP level 4. HP: 38/38 MP: 3/3
  1132 | D:2      | Reached skill level 5 in Unarmed Combat
  1146 | D:2      | HP: 3/38 [gnoll/club (8)]
  1940 | D:3      | Reached XP level 5. HP: 37/45 MP: 4/4
  2035 | D:2      | Reached skill level 4 in Stealth
  2342 | D:3      | Reached skill level 6 in Unarmed Combat
  2400 | D:3      | Found a shimmering altar of Xom.
  2400 | D:3      | Noticed a dream sheep
  2400 | D:3      | Noticed a dream sheep
  2400 | D:3      | Noticed a dream sheep
  2400 | D:3      | Noticed a dream sheep
  2400 | D:3      | Noticed a dream sheep
  2405 | D:3      | Killed a dream sheep
  2406 | D:3      | Killed a dream sheep
  2406 | D:3      | Killed a dream sheep
  2407 | D:3      | Killed a dream sheep
  2407 | D:3      | Killed a dream sheep
  2436 | D:3      | Became a worshipper of Xom of Chaos
  2489 | D:3      | XOM: harmless Ice miscast
  2596 | D:3      | XOM: harmless Pois miscast
  2714 | D:3      | XOM: god gift: bread ration
  2770 | D:4      | Noticed an ogre
  2779 | D:4      | XOM: cleaving
  2791 | D:4      | XOM: scenery: create altars
  2900 | D:3      | XOM: god gift: 13 chunks of flesh
  2978 | D:4      | XOM: fog
  3024 | D:4      | Reached XP level 6. HP: 43/51 MP: 5/5
  3058 | D:3      | Reached skill level 3 in Dodging
  3122 | D:4      | XOM: god gift: 47 gold pieces
  3131 | D:4      | XOM: summons 3 friendly demons
  3175 | D:4      | XOM: enchant monster (good)
  3270 | D:3      | Reached skill level 7 in Unarmed Combat
  3380 | D:4      | XOM: scenery: create altars
  3406 | D:4      | Found a staircase to the Ecumenical Temple.
  3506 | D:4      | Reached XP level 7. HP: 36/57 MP: 6/6
  3793 | D:5      | Entered Level 5 of the Dungeon
  3823 | D:5      | XOM: cast spell 'Alistair's Intoxication'
  4107 | D:5      | Found an ancient bone altar of Kikubaaqudgha.
  4154 | D:5      | Found a basalt altar of Yredelemnul.
  4197 | D:5      | Reached skill level 4 in Dodging
  4197 | D:5      | Reached skill level 8 in Unarmed Combat
  4248 | D:5      | XOM is BORED!
  4248 | D:5      | XOM: medium Summ miscast
  4536 | D:5      | XOM: god gift: 2 fruits
  4637 | D:5      | XOM: enchant monster (good)
  4716 | D:5      | Reached skill level 4 in Fighting
  4719 | D:5      | XOM: cast spell 'Cause Fear'
  4830 | D:5      | XOM: scenery: create altars
  4908 | D:5      | Reached XP level 8. HP: 46/64 MP: 7/7
  4994 | D:5      | Found a snail-covered altar of Cheibriados.
  5002 | D:5      | XOM: god gift: glowing quarterstaff {god gift}
  5077 | D:6      | XOM: divination: detect items
  5089 | D:6      | XOM: summons friendly crimson imp
  5121 | D:6      | XOM: noise
  5416 | D:6      | XOM: mild Conj miscast
  5418 | D:6      | Reached skill level 5 in Fighting
  5463 | D:6      | Noticed Menkaure
  5465 | D:6      | XOM: harmless Air miscast
  5484 | D:6      | Killed Menkaure
  5484 | D:6      | Reached skill level 5 in Dodging
  5591 | D:6      | XOM: polymorph orc -> quokka
  5713 | D:7      | Reached skill level 6 in Fighting
  5713 | D:7      | XOM: 1-stop teleportation journey
  5725 | D:6      | XOM: destruction
  5831 | D:7      | XOM: divination: detect creatures
  5977 | D:6      | XOM: harmless Air miscast
  5981 | D:6      | Noticed Blork the orc
  6002 | D:6      | Killed Blork the orc
  6002 | D:6      | Reached skill level 6 in Dodging
  6643 | D:6      | XOM: harmless Tloc miscast
  6684 | D:7      | Reached XP level 9. HP: 67/78 MP: 8/8
  6783 | D:7      | XOM: mild Air miscast
  6788 | D:7      | Reached skill level 7 in Fighting
  6810 | D:7      | Found a burning altar of Makhleb.
  6810 | D:7      | Found a radiant altar of Vehumet.
  6862 | D:7      | XOM: enchant monster (bad)
  6872 | D:7      | XOM: potion effect (brilliance)
  6954 | D:7      | XOM: destruction
  6955 | D:7      | XOM: confuse monster(s)
  6964 | D:7      | Reached skill level 7 in Dodging
  7001 | D:7      | XOM: god gift: runed naga barding {god gift}
  7055 | D:7      | XOM is BORED!
  7055 | D:7      | XOM: summons 4 hostile demons
  7056 | D:7      | Noticed an orange demon
  7249 | D:7      | XOM: scenery: create altars
  7280 | D:7      | XOM: cloud trail
  7353 | D:7      | Found a glowing silver altar of Zin.
  7404 | D:8      | XOM: summons friendly iron imp
  7444 | D:8      | Reached skill level 8 in Fighting
  7620 | D:8      | XOM: summons friendly quasit
  7657 | D:8      | XOM: polymorph quasit -> crimson imp
  7669 | D:8      | XOM: medium Erth miscast
  7747 | D:8      | Reached skill level 1 in Shields
  7891 | D:8      | XOM: mild Air miscast
  7914 | D:8      | Found a stormy altar of Qazlal.
  7939 | D:8      | Found a sparkling altar of Nemelex Xobeh.
  8057 | D:8      | Reached skill level 2 in Shields
  8136 | D:8      | XOM: 3-stop teleportation journey
  8184 | D:9      | XOM: chaos cloud
  8186 | D:9      | Paralysed by you for 6 turns
  8373 | D:8      | XOM: silly message
  8541 | D:9      | Found a staircase to the Lair.
  8541 | D:9      | XOM: 1-stop teleportation journey
  8542 | D:9      | Quit the game

Vault maps used:
D:1:      dpeg_arrival_another_circle, nrook_mini_backslash
D:2:      uniq_robin
D:3:      kb_xom_exploding_sheep
D:4:      minmay_temple_entry_junction, first_bread
D:5:      minitemple, basic_altar, feat_on_display
D:6:      uniq_menkaure, uniq_blork_the_orc
D:7:      grunt_temple_overflow_lords_of_destruction, kennysheep_little_box
D:8:      overflow_temple_1_default, kennysheep_mini, minivault_5,
          kennysheep_flooded_box
D:9:      lemuel_bear_cage, lemuel_doored_altar,
          grunt_temple_overflow_cloverleaf, erik_lair_orcish_takeover,
          hiddenorc2_lemuel, uniq_erica

Skill      XL: |  1  2  3  4  5  6  7  8  9 |
---------------+----------------------------+-----
Unarmed Combat | 4 5 6 7 8 |  8.2
Stealth        | 3 4 |  4.0
Dodging        | 3 4 6 7 |  7.8
Fighting       | 4 6 8 |  8.2
Shields        | 2 |  2.4

Action                   |  1- 3 |  4- 6 |  7- 9 || total
-------------------------+-------+-------+-------++-------
Melee: Unarmed           |   107 |   161 |   492 ||   760
       Punch             |     2 |     1 |       ||     3
Throw: Javelin           |       |     3 |     4 ||     7
 Stab: Sleeping          |     6 |     4 |     5 ||    15
       Distracted        |       |     2 |     2 ||     4
       Petrified         |       |       |     5 ||     5
       Fleeing           |       |       |     1 ||     1
  Eat: Chunk             |    13 |    15 |    13 ||    41
       Meat ration       |       |       |     1 ||     1
Armor: Robe              |    17 |    25 |    38 ||    80
Dodge: Dodged            |    92 |   113 |   301 ||   506
Block: Buckler           |       |    11 |    50 ||    61
